 Dungeon Crawl Stone Soup version 0.29-a0-477-g62b78b4225 (webtiles) character file.

Game seed: 18082935338768986

49 frimble the Grasshopper (level 3, -3/31 HPs)
             Began as a Gnoll Warper on May 25, 2022.
             Slain by Sigmund
             ... wielding a +2 scythe of flaming
              (6 damage)
             ... on level 2 of the Dungeon.
             The game lasted 00:01:12 (1536 turns).

frimble the Grasshopper (Gnoll Warper)              Turns: 1536, Time: 00:01:12

Health: -3/31      AC:  7    Str: 10    XL:     3   Next: 75%
Magic:  9/9        EV: 12    Int: 14    God:
Gold:   64         SH:  0    Dex: 11    Spells: 10/12 levels left

rFire   . . .      SeeInvis .   e - +1 dagger (venom)
rCold   . . .      Faith    .   (no shield)
rNeg    . . .      Spirit   .   a - +0 leather armour
rPois   .          Reflect  .   (no helmet)
rElec   .          Harm     .   (no cloak)
rCorr   .          Rampage  .   (no gloves)
Will    .....                   (no boots)
Stlth   +.........              (no amulet)
HPRegen 0.10/turn               g - +4 ring of protection
MPRegen 0.11/turn               n - ring of wizardry

@: no status effects
A: fangs 1, strong nose, distributed training
a: no special abilities


You were on level 2 of the Dungeon.
You visited 1 branch of the dungeon, and saw 2 of its levels.

You collected 64 gold pieces.

Inventory:

Hand Weapons
 e - a +1 dagger of venom (weapon)
 i - a +0 dagger of electrocution
Missiles
 c - 7 boomerangs of dispersal (quivered)
Armour
 a - a +0 leather armour (worn)
Jewellery
 g - a +4 ring of protection (left hand)
 n - a ring of wizardry (right hand)
Wands
 q - a wand of flame (11)
Scrolls
 b - a scroll of blinking
 h - a scroll of teleportation
 j - a scroll of poison
 p - a scroll of brand weapon
 s - a scroll of enchant armour {unknown}
Potions
 d - a potion of mutation
 f - 2 potions of resistance
 k - a potion of flight {unknown}
 l - a potion of magic {unknown}
 m - a potion of lignification {unknown}
 o - 4 potions of curing {unknown}
 r - a potion of might {unknown}


   Skills:
 + Level 4.5 Fighting
 + Level 0.9 Short Blades
 + Level 0.9 Long Blades
 + Level 0.9 Axes
 + Level 0.9 Maces & Flails
 + Level 0.9 Polearms
 + Level 0.9 Staves
 + Level 0.9 Slings
 + Level 0.9 Bows
 + Level 0.9 Crossbows
 + Level 2.6 Throwing
 + Level 2.6 Armour
 + Level 4.5 Dodging
 + Level 0.9 Stealth
 + Level 0.9 Shields
 + Level 4.5 Unarmed Combat
 + Level 5.0 Spellcasting
 + Level 0.6 Conjurations
 + Level 0.6 Hexes
 + Level 0.6 Summonings
 + Level 0.6 Necromancy
 + Level 5.4 Translocations
 + Level 0.6 Transmutations
 + Level 0.6 Fire Magic
 + Level 0.6 Ice Magic
 + Level 0.6 Air Magic
 + Level 0.6 Earth Magic
 + Level 0.6 Poison Magic
 + Level 1.0 Invocations
 + Level 0.9 Evocations


You had 10 spell levels left.
You knew the following spells:

 Your Spells              Type           Power      Damage    Failure   Level
a - Blink                 Tloc           36%        N/A       1%          2

Your spell library contained the following spells:

 Spells                   Type           Power      Damage    Failure   Level
 Gell's Gravitas          Tloc           18%        N/A       3%          3
 Lesser Beckoning         Tloc           18%        N/A       3%          3
 Teleport Other           Tloc           18%        N/A       3%          3
 Ozocubu's Armour         Ice            5%         N/A       21%         3
 Manifold Assault         Tloc           18%        N/A       26%         5
 Ozocubu's Refrigeration  Ice            2%         4d5       100%        7


Dungeon Overview and Level Annotations

Branches:
Dungeon (2/15)

Altars:
Dithmenos

Annotations:
D:2 Sigmund


Innate Abilities, Weirdness & Mutations

You have very sharp teeth.
Your uncanny sense of smell can sniff out nearby items.
Your experience applies equally to all skills.


Message History

A giant cockroach comes into view.
The hobgoblin barely misses you.
You hit the hobgoblin.
The hobgoblin is poisoned.
Your bite misses the hobgoblin.
The hobgoblin is heavily wounded.
The hobgoblin barely misses you. Something hits you. Something burns you.
You barely miss the hobgoblin. Your bite misses the hobgoblin.
The hobgoblin is almost dead.
The hobgoblin hits you but does no damage.
Something hits you but does no damage.
You barely miss the hobgoblin.
The hobgoblin is almost dead.
You kill the hobgoblin!
You hit the giant cockroach.
The giant cockroach is poisoned.
The giant cockroach is moderately wounded.
Something hits you! Something burns you. The giant cockroach bites you.
You are too injured to fight recklessly!
You are too injured to fight recklessly!
You are too injured to fight recklessly!
You are too injured to fight recklessly!
You are too injured to fight recklessly!
A giant cockroach is nearby!
You hit the giant cockroach.
You kill the giant cockroach!
You hear some strange, mumbled words.
A puff of flame appears from out of thin air!
The puff of flame hits you.
You see here a hobgoblin corpse.
You hit something but do no damage.
You hear some strange, mumbled words.
Something tries to affect you, but you resist.
You hit something.
You hear some strange, mumbled words.
Something tries to affect you, but you resist.
You closely miss something. Something hits you.
* * * LOW HITPOINT WARNING * * *
Something burns you.
* * * LOW HITPOINT WARNING * * *
You closely miss something. Something hits you.
You die...

...## #.## #..#######.†#
#####.......##.##
#..........##^.#.
#...........##.## .
####...........#.##.
...##.........####....#.
............### #######
......{@.....#
...#....†..†.# ∆
#......!..# #.........#
#.........[.
##.......#### #.........
#.........#


There were no monsters in sight!

Vanquished Creatures
  An adder (D:2)
  3 dart slugs
  3 bats (D:2)
  3 endoplasms (D:2)
  A giant cockroach (D:2)
  4 goblins
  7 hobgoblins
  A quokka (D:1)
  3 frilled lizards
  A kobold (D:1)
  3 rats
30 creatures vanquished.

Vanquished Creatures (others)
  A fungus (D:2)
1 creature vanquished.

Grand Total: 31 creatures vanquished

Notes
Turn   | Place    | Note
-------+----------+-------------------------------------------
     0 | D:1      | frimble the Gnoll Warper began the quest for the Orb.
     0 | D:1      | Reached XP level 1. HP: 20/20 MP: 6/6
   452 | D:1      | Reached XP level 2. HP: 26/26 MP: 7/7
   956 | D:2      | Found a shadowy altar of Dithmenos.
  1247 | D:1      | Learned a level 2 spell: Blink
  1256 | D:2      | Reached XP level 3. HP: 31/31 MP: 9/9
  1307 | D:2      | Reached skill level 5 in Spellcasting
  1348 | D:2      | Found a faded altar of an unknown god.
  1457 | D:2      | Reached skill level 1 in Invocations
  1522 | D:2      | Noticed Sigmund
  1536 | D:2      | Slain by Sigmund

Illustrated notes

Levels and vault maps discovered:
D:1:      dpeg_arrival_tiny_e, layout_rooms
D:2:      minmay_angry_zag, layout_rooms,
          shapermc_ecumenical_altar_mp_urbaneastern, basic_altar, uniq_sigmund

Skill      XL: |  1  2  3 |
---------------+----------+-----
Spellcasting   | 5 |  5.0
Invocations    | 1 |  1.0
Fighting       | |  4.5
Short Blades   | |  0.9
Long Blades    | |  0.9
Axes           | |  0.9
Maces & Flails | |  0.9
Polearms       | |  0.9
Staves         | |  0.9
Slings         | |  0.9
Bows           | |  0.9
Crossbows      | |  0.9
Throwing       | |  2.6
Armour         | |  2.6
Dodging        | |  4.5
Stealth        | |  0.9
Shields        | |  0.9
Unarmed Combat | |  4.5
Conjurations   | |  0.6
Hexes          | |  0.6
Summonings     | |  0.6
Necromancy     | |  0.6
Translocations | |  5.4
Transmutations | |  0.6
Fire Magic     | |  0.6
Ice Magic      | |  0.6
Air Magic      | |  0.6
Earth Magic    | |  0.6
Poison Magic   | |  0.6
Evocations     | |  0.9

Action                   || total
-------------------------++-------
Melee: Unarmed           ||    36
       Bite              ||     5
       Punch             ||     4
       Dagger            ||    74
  Use: Scroll            ||     5
Armor: Leather armour    ||    29
Dodge: Dodged            ||    66

Table legend: (Time is in decaauts)
 A = Elapsed time spent in this place.
 B = Non-inter-level travel time spent in this place.
 C = Inter-level travel time spent in this place.
 D = Time resting spent in this place.
 E = Time spent auto-exploring this place.
 F = Levels seen in this place.
 G = Mean time per level.
                   A        B        C        D        E       F      G
               +--------+--------+--------+--------+--------+-----+--------+
         Total |   1529 |   1487 |     42 |      0 |   1256 |   2 |  764.5 |
       Dungeon |   1529 |   1487 |     42 |      0 |   1256 |   2 |  764.5 |
               +--------+--------+--------+--------+--------+-----+--------+

Top non-repeatable levels by time:
     D:1: 1230 daAuts
     D:2: 299 daAuts
